[ AOE2 MATCH · #464665874 ]
UnrankedSaracens vs Persians
[ REPLAY ANALYSIS · EXTRACTED FROM THE RECORDED GAME ]
Feudal
—
Castle
—
Imperial
—
| APM avg | 41.5 |
| APM peak | 105 |
| eAPM avg | 26.0 |
| Villagers / military | 125 / 3295 |
Focus
⚔️ 78.3% · 🌾 21.7%
Mameluke ×976 · Spearman ×814 · Camel Scout ×757 · Mangonel ×405 · Bombard Cannon ×158 · Trebuchet (Packed) ×107
Feudal
—
Castle
—
Imperial
—
| APM avg | 24.5 |
| APM peak | 122 |
| eAPM avg | 20.8 |
| Villagers / military | 206 / 1583 |
Focus
⚔️ 50.1% · 🌾 49.9%
Militia ×637 · Scorpion ×561 · Mangonel ×200 · Battering Ram ×122 · Trade Cart ×95 · Steppe Lancer ×63
Feudal
—
Castle
—
Imperial
—
| APM avg | 5.4 |
| APM peak | 79 |
| eAPM avg | 5.2 |
| Villagers / military | 230 / 1846 |
Focus
⚔️ 50.4% · 🌾 49.6%
Spearman ×566 · Eagle Scout ×461 · Skirmisher ×428 · Petard ×144 · Jaguar Warrior ×82 · Trade Cart ×72
Feudal
—
Castle
—
Imperial
—
| APM avg | 11.2 |
| APM peak | 169 |
| eAPM avg | 10.6 |
| Villagers / military | 139 / 1301 |
Focus
⚔️ 77.2% · 🌾 22.8%
Woad Raider ×772 · Mangonel ×178 · Scout Cavalry ×174 · Knight ×88 · Trade Cart ×62 · Spearman ×52
Feudal
—
Castle
—
Imperial
—
| APM avg | 47.4 |
| APM peak | 150 |
| eAPM avg | 30.6 |
| Villagers / military | 362 / 9135 |
Focus
⚔️ 70.2% · 🌾 29.8%
Spearman ×4910 · Scout Cavalry ×1307 · Conquistador ×1069 · Knight ×865 · Skirmisher ×482 · Bombard Cannon ×373
Feudal
—
Castle
—
Imperial
—
| APM avg | 33.4 |
| APM peak | 191 |
| eAPM avg | 30.9 |
| Villagers / military | 121 / 2107 |
Focus
⚔️ 35.9% · 🌾 64.1%
War Elephant ×2087 · Trade Cart ×74 · Mangonel ×9 · Bombard Cannon ×6 · Monk ×5
Feudal
—
Castle
—
Imperial
—
| APM avg | 27.8 |
| APM peak | 243 |
| eAPM avg | 18.3 |
| Villagers / military | 141 / 4831 |
Focus
⚔️ 58.3% · 🌾 41.7%
Camel Scout ×3293 · Scorpion ×600 · Armored Elephant ×356 · Ghulam ×274 · Mangonel ×210 · Trade Cart ×135
Feudal
—
Castle
—
Imperial
—
| APM avg | 16.2 |
| APM peak | 139 |
| eAPM avg | 10.8 |
| Villagers / military | 246 / 1766 |
Focus
⚔️ 49.8% · 🌾 50.2%
Knight ×784 · Teutonic Knight ×498 · Mangonel ×394 · Trade Cart ×106 · Trebuchet (Packed) ×43 · Battering Ram ×20
Match map
Initial resources + every placement click. Lines = walls · curves = elevation contours. ◆ gold · ⬟ stone · ● berries · ✦ relic · ◌ wall gap
Your base· ✓ Closed at 12:00 · 15t walls · fragile
Mauzic's base· ✓ Closed at 12:00 · 105t walls · 9 gate(s)
holguin_c18's base· ✓ Closed at 12:00 · 42t walls · 2 gate(s)
maddaloni.ivan93's base· ✓ Closed at 12:00 · 0t walls · no gate
AKZ TR's base· ✓ Closed at 12:00 · 16t walls · 1 gate(s)
hometorres01's base· ✓ Closed at 12:00 · 63t walls · no gate
Eruanyo's base· ✓ Closed at 12:00 · 15t walls · 1 gate(s)
金城小太爷's base· ✓ Closed at 12:00 · 40t walls · 1 gate(s) · fragile
Smoothed initial terrain · ◌ = detected wall gap · hover for details
Inputs per minute
— claudio.nunez72 - - Mauzic
Build order — claudio.nunez72
First 150 of 3659 actions detected
| 0:06 | Build | Town Center |
| 0:12 | Build | House |
| 0:16 | Build | House |
| 0:19 | Create | Villager (Male) |
| 0:20 | Create | Villager (Male) |
| 0:20 | Create | Villager (Male) |
| 0:21 | Create | Villager (Male) |
| 0:21 | Create | Villager (Male) |
| 0:21 | Create | Villager (Male) |
| 0:22 | Create | Villager (Male) |
| 0:22 | Create | Villager (Male) |
| 0:23 | Create | Villager (Male) |
| 0:23 | Create | Villager (Male) |
| 0:23 | Create | Villager (Male) |
| 0:24 | Create | Villager (Male) |
| 0:24 | Create | Villager (Male) |
| 0:25 | Create | Villager (Male) |
| 0:25 | Create | Villager (Male) |
| 0:49 | Build | Town Center |
| 0:54 | Build | Town Center |
| 0:59 | Create | Villager (Male) |
| 0:59 | Create | Villager (Male) |
| 1:00 | Create | Villager (Male) |
| 1:00 | Create | Villager (Male) |
| 1:00 | Create | Villager (Male) |
| 1:01 | Create | Villager (Male) |
| 1:01 | Create | Villager (Male) |
| 1:02 | Create | Villager (Male) |
| 1:02 | Create | Villager (Male) |
| 1:03 | Create | Villager (Male) |
| 1:03 | Create | Villager (Male) |
| 1:03 | Create | Villager (Male) |
| 1:04 | Create | Villager (Male) |
| 1:04 | Create | Villager (Male) |
| 1:05 | Create | Villager (Male) |
| 1:05 | Create | Villager (Male) |
| 1:29 | Create | Villager (Male) |
| 1:29 | Create | Villager (Male) |
| 1:30 | Create | Villager (Male) |
| 1:30 | Create | Villager (Male) |
| 1:34 | Create | Villager (Male) |
| 1:34 | Create | Villager (Male) |
| 1:54 | Build | Castle |
| 1:58 | Build | Castle |
| 2:05 | Build | Castle |
| 2:12 | Create | Villager (Male) |
| 2:12 | Create | Villager (Male) |
| 2:12 | Create | Villager (Male) |
| 2:13 | Create | Villager (Male) |
| 2:13 | Create | Villager (Male) |
| 2:14 | Create | Villager (Male) |
| 2:14 | Create | Villager (Male) |
| 2:15 | Create | Villager (Male) |
| 2:15 | Create | Villager (Male) |
| 2:15 | Create | Villager (Male) |
| 2:16 | Create | Villager (Male) |
| 2:16 | Create | Villager (Male) |
| 2:17 | Create | Villager (Male) |
| 2:17 | Create | Villager (Male) |
| 2:17 | Create | Villager (Male) |
| 2:37 | Build | Market |
| 2:41 | Build | Market |
| 2:45 | Build | Market |
| 2:51 | Build | Market |
| 2:57 | Build | Market |
| 3:32 | Build | Stone Wall |
| 3:53 | Create | Villager (Male) |
| 3:53 | Create | Villager (Male) |
| 3:53 | Create | Villager (Male) |
| 3:54 | Create | Villager (Male) |
| 3:54 | Create | Villager (Male) |
| 3:55 | Create | Villager (Male) |
| 3:55 | Create | Villager (Male) |
| 3:55 | Create | Villager (Male) |
| 3:56 | Create | Villager (Male) |
| 3:56 | Create | Villager (Male) |
| 3:57 | Create | Villager (Male) |
| 3:57 | Create | Villager (Male) |
| 3:57 | Create | Villager (Male) |
| 4:38 | Create | Trade Cart |
| 4:38 | Create | Trade Cart |
| 4:39 | Create | Trade Cart |
| 4:39 | Create | Trade Cart |
| 4:40 | Create | Trade Cart |
| 4:40 | Create | Trade Cart |
| 4:40 | Create | Trade Cart |
| 4:41 | Create | Trade Cart |
| 4:41 | Create | Trade Cart |
| 4:42 | Create | Trade Cart |
| 4:42 | Create | Trade Cart |
| 4:42 | Create | Trade Cart |
| 4:43 | Create | Trade Cart |
| 4:43 | Create | Trade Cart |
| 4:44 | Create | Trade Cart |
| 4:44 | Create | Trade Cart |
| 4:45 | Create | Trade Cart |
| 4:45 | Create | Trade Cart |
| 4:45 | Create | Trade Cart |
| 4:46 | Create | Trade Cart |
| 4:46 | Create | Trade Cart |
| 4:47 | Create | Trade Cart |
| 4:47 | Create | Trade Cart |
| 4:48 | Create | Trade Cart |
| 4:48 | Create | Trade Cart |
| 4:48 | Create | Trade Cart |
| 4:49 | Create | Trade Cart |
| 4:49 | Create | Trade Cart |
| 4:50 | Create | Trade Cart |
| 4:50 | Create | Trade Cart |
| 4:50 | Create | Trade Cart |
| 4:51 | Create | Trade Cart |
| 4:51 | Create | Trade Cart |
| 4:52 | Create | Trade Cart |
| 4:52 | Create | Trade Cart |
| 5:05 | Create | Trade Cart |
| 5:06 | Create | Trade Cart |
| 5:06 | Create | Trade Cart |
| 5:06 | Create | Trade Cart |
| 5:07 | Create | Trade Cart |
| 5:07 | Create | Trade Cart |
| 5:08 | Create | Trade Cart |
| 5:08 | Create | Trade Cart |
| 5:08 | Create | Trade Cart |
| 5:09 | Create | Trade Cart |
| 5:09 | Create | Trade Cart |
| 5:10 | Create | Trade Cart |
| 5:10 | Create | Trade Cart |
| 5:10 | Create | Trade Cart |
| 5:11 | Create | Trade Cart |
| 5:11 | Create | Trade Cart |
| 5:12 | Create | Trade Cart |
| 5:12 | Create | Trade Cart |
| 5:12 | Create | Trade Cart |
| 5:13 | Create | Trade Cart |
| 5:13 | Create | Trade Cart |
| 5:14 | Create | Trade Cart |
| 5:14 | Create | Trade Cart |
| 5:15 | Create | Trade Cart |
| 5:15 | Create | Trade Cart |
| 5:15 | Create | Trade Cart |
| 5:16 | Create | Trade Cart |
| 5:16 | Create | Trade Cart |
| 5:39 | Create | Villager (Male) |
| 5:40 | Create | Villager (Male) |
| 5:40 | Create | Villager (Male) |
| 5:40 | Create | Villager (Male) |
| 5:41 | Create | Villager (Male) |
| 5:41 | Create | Villager (Male) |
| 5:42 | Create | Villager (Male) |
| 5:42 | Create | Villager (Male) |
Build order — Mauzic
First 150 of 2378 actions detected
| 0:16 | Build | Town Center |
| 0:19 | Build | Town Center |
| 0:22 | Build | Town Center |
| 0:26 | Build | Town Center |
| 0:27 | Create | Villager (Male) |
| 0:28 | Create | Villager (Male) |
| 0:28 | Create | Villager (Male) |
| 0:33 | Build | Town Center |
| 0:37 | Build | Town Center |
| 0:44 | Build | Town Center |
| 0:56 | Build | Town Center |
| 1:28 | Create | Villager (Male) |
| 1:28 | Create | Villager (Male) |
| 1:29 | Create | Villager (Male) |
| 1:34 | Create | Villager (Male) |
| 1:35 | Create | Villager (Male) |
| 1:36 | Create | Villager (Male) |
| 1:36 | Create | Villager (Male) |
| 1:38 | Create | Villager (Male) |
| 1:49 | Create | Villager (Male) |
| 1:49 | Create | Villager (Male) |
| 1:50 | Create | Villager (Male) |
| 1:50 | Create | Villager (Male) |
| 2:02 | Create | Villager (Male) |
| 2:02 | Create | Villager (Male) |
| 2:02 | Create | Villager (Male) |
| 2:25 | Build | House |
| 2:26 | Build | House |
| 2:29 | Build | House |
| 2:31 | Build | House |
| 2:37 | Create | Villager (Male) |
| 2:37 | Create | Villager (Male) |
| 2:37 | Create | Villager (Male) |
| 2:38 | Create | Villager (Male) |
| 2:41 | Build | Lumber Camp |
| 2:47 | Build | Lumber Camp |
| 2:48 | Create | Villager (Male) |
| 2:49 | Create | Villager (Male) |
| 2:49 | Create | Villager (Male) |
| 2:54 | Create | Villager (Male) |
| 2:55 | Create | Villager (Male) |
| 2:55 | Create | Villager (Male) |
| 2:56 | Create | Villager (Male) |
| 2:56 | Create | Villager (Male) |
| 2:57 | Create | Villager (Male) |
| 3:00 | Create | Villager (Male) |
| 3:00 | Create | Villager (Male) |
| 3:06 | Create | Villager (Male) |
| 3:06 | Create | Villager (Male) |
| 3:06 | Create | Villager (Male) |
| 3:07 | Create | Villager (Male) |
| 3:08 | Create | Villager (Male) |
| 3:08 | Create | Villager (Male) |
| 3:08 | Create | Villager (Male) |
| 3:09 | Create | Villager (Male) |
| 3:10 | Create | Villager (Male) |
| 3:19 | Build | Market |
| 3:23 | Build | Market |
| 3:30 | Build | Market |
| 3:33 | Build | Market |
| 3:46 | Build | House |
| 3:47 | Build | House |
| 3:54 | Build | House |
| 3:56 | Build | House |
| 3:58 | Build | House |
| 4:00 | Build | House |
| 4:02 | Build | House |
| 4:03 | Build | House |
| 4:06 | Build | House |
| 4:07 | Build | House |
| 4:09 | Build | House |
| 4:10 | Build | House |
| 4:13 | Build | House |
| 4:14 | Build | House |
| 4:15 | Build | House |
| 4:17 | Build | House |
| 4:19 | Build | House |
| 4:20 | Build | House |
| 4:23 | Build | House |
| 4:24 | Build | House |
| 4:27 | Create | Villager (Male) |
| 4:27 | Create | Villager (Male) |
| 4:27 | Create | Villager (Male) |
| 4:30 | Create | Villager (Male) |
| 4:30 | Create | Villager (Male) |
| 4:33 | Build | Lumber Camp |
| 4:35 | Create | Villager (Male) |
| 4:35 | Create | Villager (Male) |
| 4:36 | Create | Villager (Male) |
| 4:36 | Create | Villager (Male) |
| 4:36 | Create | Villager (Male) |
| 4:36 | Create | Villager (Male) |
| 4:37 | Create | Villager (Male) |
| 4:37 | Create | Villager (Male) |
| 4:37 | Create | Villager (Male) |
| 4:38 | Create | Villager (Male) |
| 4:38 | Create | Villager (Male) |
| 4:38 | Create | Villager (Male) |
| 4:39 | Create | Villager (Male) |
| 4:39 | Create | Villager (Male) |
| 4:39 | Create | Villager (Male) |
| 4:39 | Create | Villager (Male) |
| 4:40 | Create | Villager (Male) |
| 4:40 | Create | Villager (Male) |
| 4:40 | Create | Villager (Male) |
| 4:53 | Build | Market |
| 4:55 | Build | Market |
| 4:56 | Build | Market |
| 4:58 | Build | Market |
| 5:00 | Build | Market |
| 5:01 | Build | Market |
| 5:05 | Build | Market |
| 5:10 | Build | Market |
| 5:47 | Create | Villager (Male) |
| 5:48 | Create | Villager (Male) |
| 5:48 | Create | Villager (Male) |
| 5:48 | Create | Villager (Male) |
| 5:51 | Create | Villager (Male) |
| 5:52 | Create | Villager (Male) |
| 5:52 | Create | Villager (Male) |
| 5:57 | Build | Mining Camp |
| 6:02 | Create | Villager (Male) |
| 6:02 | Create | Villager (Male) |
| 6:02 | Create | Villager (Male) |
| 6:03 | Create | Villager (Male) |
| 6:03 | Create | Villager (Male) |
| 6:03 | Create | Villager (Male) |
| 6:04 | Create | Villager (Male) |
| 6:04 | Create | Villager (Male) |
| 6:04 | Create | Villager (Male) |
| 6:05 | Create | Villager (Male) |
| 6:05 | Create | Villager (Male) |
| 6:05 | Create | Villager (Male) |
| 6:06 | Create | Villager (Male) |
| 6:06 | Create | Villager (Male) |
| 6:06 | Create | Villager (Male) |
| 6:06 | Create | Villager (Male) |
| 6:07 | Create | Villager (Male) |
| 6:07 | Create | Villager (Male) |
| 6:07 | Create | Villager (Male) |
| 6:08 | Create | Villager (Male) |
| 6:08 | Create | Villager (Male) |
| 6:09 | Create | Villager (Male) |
| 6:09 | Create | Villager (Male) |
| 6:09 | Create | Villager (Male) |
| 6:10 | Create | Villager (Male) |
| 6:10 | Create | Villager (Male) |
| 6:10 | Create | Villager (Male) |
| 6:11 | Create | Villager (Male) |
| 6:20 | Build | Mining Camp |
Build order — holguin_c18
First 150 of 914 actions detected
| 0:07 | Create | Villager (Male) ×5 |
| 0:07 | Create | Villager (Male) ×5 |
| 0:07 | Create | Villager (Male) ×5 |
| 0:07 | Create | Villager (Male) ×5 |
| 0:31 | Build | Stone Wall |
| 0:43 | Build | Town Center |
| 0:45 | Build | Town Center |
| 0:47 | Build | Town Center |
| 0:48 | Build | Town Center |
| 0:50 | Build | Town Center |
| 1:16 | Create | Villager (Male) |
| 1:16 | Create | Villager (Male) |
| 1:31 | Build | House |
| 1:31 | Build | House |
| 1:32 | Build | House |
| 1:32 | Build | House |
| 1:33 | Build | House |
| 1:33 | Build | House |
| 1:34 | Build | House |
| 1:34 | Build | House |
| 1:34 | Build | House |
| 1:35 | Build | House |
| 1:36 | Build | House |
| 1:36 | Build | House |
| 1:36 | Build | House |
| 1:36 | Build | House |
| 1:37 | Build | House |
| 1:37 | Build | House |
| 1:37 | Build | House |
| 1:38 | Build | House |
| 2:03 | Create | Villager (Male) ×5 |
| 2:04 | Create | Villager (Male) ×5 |
| 2:04 | Create | Villager (Male) ×5 |
| 2:04 | Create | Villager (Male) ×5 |
| 2:04 | Create | Villager (Male) ×5 |
| 2:04 | Create | Villager (Male) ×5 |
| 2:05 | Create | Villager (Male) ×5 |
| 2:05 | Create | Villager (Male) ×5 |
| 2:05 | Create | Villager (Male) ×5 |
| 2:05 | Create | Villager (Male) ×5 |
| 2:05 | Create | Villager (Male) |
| 2:06 | Create | Villager (Male) |
| 2:28 | Build | Barracks |
| 2:29 | Build | Barracks |
| 2:29 | Build | Barracks |
| 2:30 | Build | Barracks |
| 2:30 | Build | Barracks |
| 2:31 | Build | Barracks |
| 2:31 | Build | Barracks |
| 2:31 | Build | Barracks |
| 2:32 | Build | Barracks |
| 2:32 | Build | Barracks |
| 2:32 | Build | Barracks |
| 2:33 | Build | Barracks |
| 2:33 | Build | Barracks |
| 2:33 | Build | Barracks |
| 2:37 | Build | Barracks |
| 2:37 | Build | Barracks |
| 2:37 | Build | Barracks |
| 2:37 | Build | Barracks |
| 2:38 | Build | Barracks |
| 2:38 | Build | Barracks |
| 2:38 | Build | Barracks |
| 2:39 | Build | Barracks |
| 2:39 | Build | Barracks |
| 2:39 | Build | Barracks |
| 2:40 | Build | Barracks |
| 2:40 | Build | Barracks |
| 2:43 | Build | Barracks |
| 2:43 | Build | Barracks |
| 2:43 | Build | Barracks |
| 2:44 | Build | Barracks |
| 2:44 | Build | Barracks |
| 2:44 | Build | Barracks |
| 2:45 | Build | Barracks |
| 3:00 | Create | Villager (Male) ×5 |
| 3:01 | Create | Villager (Male) ×5 |
| 3:01 | Create | Villager (Male) ×5 |
| 3:05 | Create | Villager (Male) |
| 3:07 | Create | Villager (Male) |
| 3:07 | Create | Villager (Male) |
| 3:08 | Create | Villager (Male) |
| 3:09 | Create | Villager (Male) ×5 |
| 3:09 | Create | Villager (Male) ×5 |
| 3:09 | Create | Villager (Male) |
| 3:10 | Create | Villager (Male) |
| 3:21 | Build | Market |
| 3:22 | Build | Market |
| 3:23 | Build | Market |
| 3:42 | Create | Villager (Male) ×5 |
| 3:43 | Create | Villager (Male) ×5 |
| 3:43 | Create | Villager (Male) ×5 |
| 3:43 | Create | Villager (Male) ×4 |
| 3:44 | Create | Villager (Male) ×5 |
| 3:44 | Create | Villager (Male) ×5 |
| 3:45 | Create | Villager (Male) ×5 |
| 3:45 | Create | Villager (Male) ×5 |
| 3:45 | Create | Villager (Male) ×5 |
| 4:03 | Create | Villager (Male) ×2 |
| 4:03 | Create | Villager (Male) ×2 |
| 4:08 | Create | Villager (Male) ×3 |
| 4:08 | Create | Villager (Male) ×3 |
| 4:08 | Create | Villager (Male) ×3 |
| 4:09 | Create | Villager (Male) |
| 4:10 | Create | Villager (Male) |
| 4:10 | Create | Villager (Male) |
| 4:21 | Build | House |
| 4:21 | Build | House |
| 4:21 | Build | House |
| 4:21 | Build | House |
| 4:22 | Build | House |
| 4:22 | Build | House |
| 4:22 | Build | House |
| 4:23 | Build | House |
| 4:23 | Build | House |
| 4:24 | Build | House |
| 4:24 | Build | House |
| 4:24 | Build | House |
| 4:24 | Build | House |
| 4:25 | Build | House |
| 4:25 | Build | House |
| 4:25 | Build | House |
| 4:25 | Build | House |
| 4:26 | Build | House |
| 4:26 | Build | House |
| 4:27 | Build | House |
| 4:27 | Build | House |
| 4:47 | Create | Villager (Male) ×5 |
| 4:48 | Create | Villager (Male) ×5 |
| 4:48 | Create | Villager (Male) ×2 |
| 5:01 | Build | Mill |
| 5:02 | Build | Mill |
| 5:29 | Build | Gate |
| 5:32 | Build | Gate |
| 5:48 | Create | Eagle Scout ×5 |
| 5:48 | Create | Eagle Scout ×5 |
| 5:48 | Create | Eagle Scout ×5 |
| 6:09 | Create | Eagle Scout ×5 |
| 6:09 | Create | Eagle Scout ×5 |
| 6:09 | Create | Eagle Scout ×5 |
| 6:09 | Create | Eagle Scout ×5 |
| 6:10 | Create | Eagle Scout ×5 |
| 6:10 | Create | Eagle Scout ×5 |
| 6:10 | Create | Eagle Scout ×5 |
| 6:10 | Create | Eagle Scout ×5 |
| 6:11 | Create | Eagle Scout ×5 |
| 6:11 | Create | Eagle Scout ×5 |
| 6:11 | Create | Eagle Scout ×5 |
| 6:11 | Create | Eagle Scout ×5 |
| 6:12 | Create | Eagle Scout ×5 |
Build order — maddaloni.ivan93
First 150 of 1634 actions detected
| 0:10 | Build | Town Center |
| 0:13 | Create | Villager (Male) |
| 0:13 | Create | Villager (Male) |
| 0:14 | Create | Villager (Male) |
| 0:14 | Create | Villager (Male) |
| 0:14 | Create | Villager (Male) |
| 0:15 | Create | Villager (Male) |
| 0:15 | Create | Villager (Male) |
| 0:15 | Create | Villager (Male) |
| 0:16 | Create | Villager (Male) |
| 0:16 | Create | Villager (Male) |
| 0:16 | Create | Villager (Male) |
| 0:17 | Create | Villager (Male) |
| 0:17 | Create | Villager (Male) |
| 0:17 | Create | Villager (Male) |
| 0:18 | Create | Villager (Male) |
| 0:47 | Build | Town Center |
| 0:53 | Build | Town Center |
| 0:58 | Create | Villager (Male) |
| 0:58 | Create | Villager (Male) |
| 0:59 | Create | Villager (Male) |
| 0:59 | Create | Villager (Male) |
| 1:00 | Create | Villager (Male) |
| 1:00 | Create | Villager (Male) |
| 1:00 | Create | Villager (Male) |
| 1:01 | Create | Villager (Male) |
| 1:01 | Create | Villager (Male) |
| 1:01 | Create | Villager (Male) |
| 1:02 | Create | Villager (Male) |
| 1:02 | Create | Villager (Male) |
| 1:02 | Create | Villager (Male) |
| 1:03 | Create | Villager (Male) |
| 1:03 | Create | Villager (Male) |
| 1:03 | Create | Villager (Male) |
| 1:04 | Create | Villager (Male) |
| 1:36 | Build | Town Center |
| 1:44 | Build | Town Center |
| 1:56 | Build | Mining Camp |
| 2:06 | Build | Mining Camp |
| 2:08 | Create | Villager (Male) |
| 2:08 | Create | Villager (Male) |
| 2:09 | Create | Villager (Male) |
| 2:09 | Create | Villager (Male) |
| 2:09 | Create | Villager (Male) |
| 2:10 | Create | Villager (Male) |
| 2:10 | Create | Villager (Male) |
| 2:10 | Create | Villager (Male) |
| 2:11 | Create | Villager (Male) |
| 2:11 | Create | Villager (Male) |
| 2:11 | Create | Villager (Male) |
| 2:11 | Create | Villager (Male) |
| 2:11 | Create | Villager (Male) |
| 2:12 | Create | Villager (Male) |
| 2:12 | Create | Villager (Male) |
| 2:12 | Create | Villager (Male) |
| 2:13 | Create | Villager (Male) |
| 2:13 | Create | Villager (Male) |
| 2:13 | Create | Villager (Male) |
| 2:13 | Create | Villager (Male) |
| 2:14 | Create | Villager (Male) |
| 2:14 | Create | Villager (Male) |
| 2:14 | Create | Villager (Male) |
| 2:14 | Create | Villager (Male) |
| 2:15 | Create | Villager (Male) |
| 2:15 | Create | Villager (Male) |
| 2:15 | Create | Villager (Male) |
| 2:15 | Create | Villager (Male) |
| 2:16 | Create | Villager (Male) |
| 2:16 | Create | Villager (Male) |
| 2:16 | Create | Villager (Male) |
| 2:17 | Create | Villager (Male) |
| 2:17 | Create | Villager (Male) |
| 2:17 | Create | Villager (Male) |
| 2:18 | Create | Villager (Male) |
| 2:18 | Create | Villager (Male) |
| 2:18 | Create | Villager (Male) |
| 2:18 | Create | Villager (Male) |
| 2:19 | Create | Villager (Male) |
| 2:19 | Create | Villager (Male) |
| 2:20 | Create | Villager (Male) |
| 2:20 | Create | Villager (Male) |
| 2:20 | Create | Villager (Male) |
| 2:20 | Create | Villager (Male) |
| 2:21 | Create | Villager (Male) |
| 2:21 | Create | Villager (Male) |
| 2:21 | Create | Villager (Male) |
| 2:22 | Create | Villager (Male) |
| 2:22 | Create | Villager (Male) |
| 2:22 | Create | Villager (Male) |
| 2:22 | Create | Villager (Male) |
| 2:23 | Create | Villager (Male) |
| 2:23 | Create | Villager (Male) |
| 2:23 | Create | Villager (Male) |
| 2:24 | Create | Villager (Male) |
| 2:24 | Create | Villager (Male) |
| 2:24 | Create | Villager (Male) |
| 2:25 | Create | Villager (Male) |
| 2:25 | Create | Villager (Male) |
| 2:25 | Create | Villager (Male) |
| 2:25 | Create | Villager (Male) |
| 2:26 | Create | Villager (Male) |
| 2:26 | Create | Villager (Male) |
| 2:26 | Create | Villager (Male) |
| 2:26 | Create | Villager (Male) |
| 2:27 | Create | Villager (Male) |
| 2:27 | Create | Villager (Male) |
| 2:27 | Create | Villager (Male) |
| 2:40 | Build | Market |
| 2:54 | Build | House |
| 2:58 | Build | House |
| 3:09 | Build | Lumber Camp |
| 3:15 | Build | Lumber Camp |
| 3:27 | Build | Mining Camp |
| 3:45 | Build | Lumber Camp |
| 4:02 | Build | Mining Camp |
| 4:10 | Build | House |
| 4:14 | Build | House |
| 4:18 | Build | House |
| 4:21 | Build | House |
| 4:30 | Build | Mining Camp |
| 4:44 | Build | Lumber Camp |
| 5:25 | Build | Market |
| 5:47 | Build | Market |
| 5:57 | Build | House |
| 6:05 | Build | House |
| 6:08 | Build | House |
| 6:13 | Build | House |
| 6:18 | Build | House |
| 6:23 | Build | House |
| 6:35 | Build | Market |
| 6:49 | Build | Farm |
| 6:54 | Build | Farm |
| 6:59 | Build | Farm |
| 7:04 | Build | Farm |
| 7:11 | Build | Farm |
| 7:19 | Build | Farm |
| 7:23 | Build | Farm |
| 7:28 | Build | Farm |
| 7:38 | Build | Town Center |
| 7:55 | Build | House |
| 7:58 | Build | House |
| 8:02 | Build | House |
| 8:06 | Build | House |
| 8:12 | Build | House |
| 8:16 | Build | House |
| 8:20 | Build | House |
| 8:27 | Build | House |
| 8:31 | Build | House |
| 8:38 | Build | House |
| 8:45 | Build | House |
Build order — AKZ TR
First 150 of 4550 actions detected
| 0:04 | Create | Villager (Male) |
| 0:04 | Create | Villager (Male) |
| 0:05 | Create | Villager (Male) |
| 0:05 | Create | Villager (Male) |
| 0:05 | Create | Villager (Male) |
| 0:06 | Create | Villager (Male) |
| 0:07 | Build | House |
| 0:09 | Build | House |
| 0:12 | Create | Villager (Male) |
| 0:12 | Create | Villager (Male) |
| 0:13 | Create | Villager (Male) |
| 0:13 | Create | Villager (Male) |
| 0:13 | Create | Villager (Male) |
| 0:14 | Create | Villager (Male) |
| 0:14 | Create | Villager (Male) |
| 0:14 | Create | Villager (Male) |
| 0:16 | Create | Villager (Male) |
| 0:16 | Create | Villager (Male) |
| 0:21 | Build | Town Center |
| 0:24 | Build | Town Center |
| 0:53 | Build | Town Center |
| 0:56 | Create | Villager (Male) |
| 0:56 | Create | Villager (Male) |
| 0:56 | Create | Villager (Male) |
| 1:02 | Build | Town Center |
| 1:04 | Create | Villager (Male) |
| 1:04 | Create | Villager (Male) |
| 1:04 | Create | Villager (Male) |
| 1:05 | Create | Villager (Male) |
| 1:05 | Create | Villager (Male) |
| 1:05 | Create | Villager (Male) |
| 1:06 | Create | Villager (Male) |
| 1:06 | Create | Villager (Male) |
| 1:06 | Create | Villager (Male) |
| 1:07 | Create | Villager (Male) |
| 1:17 | Build | Stone Wall |
| 1:19 | Create | Villager (Male) |
| 1:19 | Create | Villager (Male) |
| 1:20 | Create | Villager (Male) |
| 1:20 | Create | Villager (Male) |
| 1:21 | Create | Villager (Male) |
| 1:21 | Create | Villager (Male) |
| 1:21 | Create | Villager (Male) |
| 1:22 | Create | Villager (Male) |
| 1:22 | Create | Villager (Male) |
| 1:22 | Create | Villager (Male) |
| 1:23 | Create | Villager (Male) |
| 1:23 | Create | Villager (Male) |
| 1:23 | Create | Villager (Male) |
| 1:24 | Create | Villager (Male) |
| 1:24 | Create | Villager (Male) |
| 1:24 | Create | Villager (Male) |
| 1:25 | Create | Villager (Male) |
| 1:25 | Create | Villager (Male) |
| 1:27 | Create | Villager (Male) |
| 1:28 | Create | Villager (Male) |
| 1:28 | Create | Villager (Male) |
| 1:29 | Create | Villager (Male) |
| 1:29 | Create | Villager (Male) |
| 1:29 | Create | Villager (Male) |
| 1:30 | Create | Villager (Male) |
| 1:37 | Build | Castle |
| 1:44 | Create | Villager (Male) |
| 1:45 | Create | Villager (Male) |
| 1:46 | Create | Villager (Male) |
| 1:51 | Build | Town Center |
| 1:54 | Build | Town Center |
| 2:07 | Create | Villager (Male) ×5 |
| 2:08 | Create | Villager (Male) ×5 |
| 2:08 | Create | Villager (Male) ×5 |
| 2:08 | Create | Villager (Male) ×5 |
| 2:08 | Create | Villager (Male) ×5 |
| 2:09 | Create | Villager (Male) ×5 |
| 2:09 | Create | Villager (Male) ×5 |
| 2:09 | Create | Villager (Male) ×5 |
| 2:09 | Create | Villager (Male) ×2 |
| 2:16 | Build | Market |
| 2:17 | Build | Market |
| 2:19 | Build | Market |
| 2:21 | Build | Market |
| 2:33 | Build | Castle |
| 2:38 | Create | Villager (Male) |
| 2:38 | Create | Villager (Male) |
| 2:39 | Create | Villager (Male) |
| 2:39 | Create | Villager (Male) |
| 2:39 | Create | Villager (Male) |
| 2:39 | Create | Villager (Male) |
| 2:40 | Create | Villager (Male) |
| 2:44 | Build | Monastery |
| 2:54 | Build | Town Center |
| 3:20 | Build | Mining Camp |
| 3:21 | Create | Villager (Male) |
| 3:21 | Create | Villager (Male) |
| 3:22 | Create | Villager (Male) |
| 3:22 | Create | Villager (Male) |
| 3:22 | Create | Villager (Male) |
| 3:22 | Create | Villager (Male) |
| 3:23 | Create | Villager (Male) |
| 3:23 | Create | Villager (Male) |
| 3:24 | Create | Villager (Male) |
| 3:24 | Create | Villager (Male) |
| 3:26 | Create | Villager (Male) |
| 3:26 | Create | Villager (Male) |
| 3:26 | Create | Villager (Male) |
| 3:27 | Create | Villager (Male) |
| 3:28 | Create | Trade Cart |
| 3:28 | Create | Trade Cart |
| 3:28 | Create | Trade Cart |
| 3:29 | Create | Trade Cart |
| 3:29 | Create | Trade Cart |
| 3:30 | Create | Trade Cart |
| 3:30 | Create | Trade Cart |
| 3:31 | Create | Trade Cart |
| 3:31 | Create | Trade Cart |
| 3:31 | Create | Trade Cart |
| 3:32 | Create | Trade Cart |
| 3:32 | Create | Trade Cart |
| 3:32 | Create | Trade Cart |
| 3:33 | Create | Trade Cart |
| 3:36 | Build | Farm |
| 3:37 | Build | Farm |
| 3:37 | Build | Farm |
| 3:37 | Build | Farm |
| 3:38 | Build | Farm |
| 3:38 | Build | Farm |
| 3:38 | Build | Farm |
| 3:39 | Build | Farm |
| 3:39 | Build | Farm |
| 3:39 | Build | Farm |
| 3:40 | Build | Farm |
| 3:40 | Build | Farm |
| 3:41 | Build | Farm |
| 3:41 | Build | Farm |
| 3:42 | Build | Farm |
| 3:43 | Build | Farm |
| 3:43 | Build | Farm |
| 3:45 | Build | Farm |
| 3:45 | Build | Farm |
| 3:48 | Create | Villager (Male) ×5 |
| 3:49 | Create | Villager (Male) ×5 |
| 3:49 | Create | Villager (Male) ×5 |
| 3:49 | Create | Villager (Male) ×5 |
| 3:49 | Create | Villager (Male) ×5 |
| 3:50 | Create | Villager (Male) ×5 |
| 3:50 | Create | Villager (Male) ×5 |
| 3:50 | Create | Villager (Male) ×3 |
| 4:00 | Create | Villager (Male) |
| 4:01 | Create | Villager (Male) |
| 4:01 | Create | Villager (Male) |
| 4:01 | Create | Villager (Male) |
Build order — hometorres01
First 150 of 2597 actions detected
| 0:08 | Create | Villager (Male) |
| 0:08 | Create | Villager (Male) |
| 0:08 | Create | Villager (Male) |
| 0:09 | Create | Villager (Male) |
| 0:09 | Create | Villager (Male) |
| 0:09 | Create | Villager (Male) |
| 0:09 | Create | Villager (Male) |
| 0:10 | Create | Villager (Male) |
| 0:10 | Create | Villager (Male) |
| 0:10 | Create | Villager (Male) |
| 0:11 | Create | Villager (Male) |
| 0:11 | Create | Villager (Male) |
| 0:11 | Create | Villager (Male) |
| 0:11 | Create | Villager (Male) |
| 0:12 | Create | Villager (Male) |
| 0:12 | Create | Villager (Male) |
| 0:22 | Build | House |
| 0:23 | Build | House |
| 0:24 | Build | House |
| 0:40 | Build | Stone Wall |
| 1:03 | Build | Town Center |
| 1:24 | Build | House |
| 1:26 | Build | House |
| 1:27 | Build | House |
| 2:04 | Build | Town Center |
| 2:12 | Build | House |
| 2:13 | Build | House |
| 2:14 | Build | House |
| 2:16 | Build | House |
| 2:17 | Build | House |
| 2:18 | Build | House |
| 2:35 | Build | Siege Workshop |
| 2:46 | Create | Villager (Male) |
| 2:47 | Create | Villager (Male) |
| 2:47 | Create | Villager (Male) |
| 2:47 | Create | Villager (Male) |
| 2:47 | Create | Villager (Male) |
| 2:48 | Create | Villager (Male) |
| 2:48 | Create | Villager (Male) |
| 2:48 | Create | Villager (Male) |
| 2:48 | Create | Villager (Male) |
| 2:49 | Create | Villager (Male) |
| 2:49 | Create | Villager (Male) |
| 2:49 | Create | Villager (Male) |
| 2:49 | Create | Villager (Male) |
| 2:50 | Create | Villager (Male) |
| 2:50 | Create | Villager (Male) |
| 2:50 | Create | Villager (Male) |
| 3:01 | Create | Villager (Male) |
| 3:01 | Create | Villager (Male) |
| 3:01 | Create | Villager (Male) |
| 3:01 | Create | Villager (Male) |
| 3:02 | Create | Villager (Male) |
| 3:02 | Create | Villager (Male) |
| 3:02 | Create | Villager (Male) |
| 3:03 | Create | Villager (Male) |
| 3:03 | Create | Villager (Male) |
| 3:15 | Build | Market |
| 3:18 | Create | Mangonel |
| 3:18 | Create | Mangonel |
| 3:18 | Create | Mangonel |
| 3:18 | Create | Mangonel |
| 3:19 | Create | Mangonel |
| 3:19 | Create | Mangonel |
| 3:19 | Create | Mangonel |
| 3:19 | Create | Mangonel |
| 3:19 | Create | Mangonel |
| 3:55 | Create | Villager (Male) |
| 3:56 | Create | Villager (Male) |
| 3:56 | Create | Villager (Male) |
| 3:56 | Create | Villager (Male) |
| 3:57 | Create | Villager (Male) |
| 3:57 | Create | Villager (Male) |
| 3:57 | Create | Villager (Male) |
| 3:57 | Create | Villager (Male) |
| 3:58 | Create | Villager (Male) |
| 3:58 | Create | Villager (Male) |
| 3:58 | Create | Villager (Male) |
| 3:58 | Create | Villager (Male) |
| 3:59 | Create | Villager (Male) |
| 3:59 | Create | Villager (Male) |
| 3:59 | Create | Villager (Male) |
| 3:59 | Create | Villager (Male) |
| 4:00 | Create | Villager (Male) |
| 4:00 | Create | Villager (Male) |
| 4:00 | Create | Villager (Male) |
| 4:00 | Create | Villager (Male) |
| 4:00 | Create | Villager (Male) |
| 4:09 | Build | House |
| 4:10 | Build | House |
| 4:11 | Build | House |
| 4:13 | Build | House |
| 4:15 | Build | House |
| 4:16 | Build | House |
| 4:18 | Build | House |
| 4:19 | Build | House |
| 4:28 | Build | Mining Camp |
| 5:43 | Build | Castle |
| 7:23 | Build | Lumber Camp |
| 7:46 | Build | Stone Wall |
| 8:03 | Build | Castle |
| 8:26 | Build | House |
| 8:27 | Build | House |
| 8:28 | Build | House |
| 8:30 | Build | House |
| 8:31 | Build | House |
| 8:33 | Build | House |
| 8:35 | Build | House |
| 8:58 | Build | Lumber Camp |
| 10:17 | Build | Castle |
| 11:16 | Create | Trade Cart |
| 11:16 | Create | Trade Cart |
| 11:17 | Create | Trade Cart |
| 11:17 | Create | Trade Cart |
| 11:17 | Create | Trade Cart |
| 11:17 | Create | Trade Cart |
| 11:18 | Create | Trade Cart |
| 11:18 | Create | Trade Cart |
| 11:18 | Create | Trade Cart |
| 11:18 | Create | Trade Cart |
| 11:19 | Create | Trade Cart |
| 11:19 | Create | Trade Cart |
| 11:19 | Create | Trade Cart |
| 11:19 | Create | Trade Cart |
| 11:20 | Create | Trade Cart |
| 11:20 | Create | Trade Cart |
| 11:20 | Create | Trade Cart |
| 11:58 | Build | Stone Wall |
| 12:13 | Build | Lumber Camp |
| 12:26 | Create | Villager (Male) |
| 12:26 | Create | Villager (Male) |
| 12:27 | Create | Villager (Male) |
| 12:27 | Create | Villager (Male) |
| 12:27 | Create | Villager (Male) |
| 12:27 | Create | Villager (Male) |
| 12:28 | Create | Villager (Male) |
| 12:28 | Create | Villager (Male) |
| 12:28 | Create | Villager (Male) |
| 12:28 | Create | Villager (Male) |
| 12:29 | Create | Villager (Male) |
| 12:29 | Create | Villager (Male) |
| 12:29 | Create | Villager (Male) |
| 12:29 | Create | Villager (Male) |
| 12:30 | Create | Villager (Male) |
| 12:30 | Create | Villager (Male) |
| 12:30 | Create | Villager (Male) |
| 12:30 | Create | Villager (Male) |
| 12:31 | Create | Villager (Male) |
| 12:31 | Create | Villager (Male) |
| 12:31 | Create | Villager (Male) |
Build order — Eruanyo
First 150 of 1793 actions detected
| 0:02 | Create | Villager (Male) |
| 0:03 | Create | Villager (Male) |
| 0:03 | Create | Villager (Male) |
| 0:04 | Build | House |
| 0:07 | Build | House |
| 0:11 | Create | Villager (Male) ×5 |
| 0:11 | Create | Villager (Male) ×5 |
| 0:12 | Create | Villager (Male) ×5 |
| 0:25 | Build | Town Center |
| 0:32 | Build | Monastery |
| 0:40 | Build | Monastery |
| 1:04 | Create | Monk |
| 1:05 | Create | Monk |
| 1:05 | Create | Monk |
| 1:06 | Create | Monk |
| 1:06 | Create | Monk |
| 1:06 | Create | Monk |
| 1:07 | Create | Monk |
| 1:07 | Create | Monk |
| 1:18 | Build | Town Center |
| 1:20 | Build | Town Center |
| 1:26 | Create | Villager (Male) ×5 |
| 1:26 | Create | Villager (Male) ×5 |
| 1:27 | Create | Villager (Male) ×5 |
| 1:27 | Create | Villager (Male) ×5 |
| 1:27 | Create | Villager (Male) ×3 |
| 1:56 | Create | Villager (Male) ×5 |
| 1:56 | Create | Villager (Male) ×5 |
| 1:57 | Create | Villager (Male) ×5 |
| 1:57 | Create | Villager (Male) ×5 |
| 1:57 | Create | Villager (Male) ×2 |
| 2:20 | Create | Monk ×5 |
| 2:21 | Create | Monk ×5 |
| 2:31 | Build | Market |
| 2:33 | Build | Market |
| 2:40 | Build | Caravanserai |
| 2:42 | Build | Caravanserai |
| 2:47 | Build | Caravanserai |
| 2:50 | Build | Caravanserai |
| 3:05 | Build | House |
| 3:06 | Build | House |
| 3:08 | Build | House |
| 3:09 | Build | House |
| 3:10 | Build | House |
| 3:12 | Build | House |
| 3:22 | Build | Siege Workshop |
| 3:23 | Build | Siege Workshop |
| 3:23 | Build | Siege Workshop |
| 3:25 | Build | Siege Workshop |
| 3:26 | Build | Siege Workshop |
| 3:26 | Build | Siege Workshop |
| 3:26 | Build | Siege Workshop |
| 3:27 | Build | Siege Workshop |
| 3:32 | Build | Lumber Camp |
| 5:56 | Create | Trade Cart ×5 |
| 5:56 | Create | Trade Cart ×5 |
| 5:57 | Create | Trade Cart ×5 |
| 5:57 | Create | Trade Cart ×5 |
| 5:57 | Create | Trade Cart ×5 |
| 5:58 | Create | Trade Cart ×5 |
| 5:58 | Create | Trade Cart ×5 |
| 6:05 | Build | House |
| 6:13 | Build | House |
| 6:15 | Build | House |
| 6:16 | Build | House |
| 6:17 | Build | House |
| 6:21 | Build | House |
| 6:25 | Build | House |
| 6:26 | Build | House |
| 6:27 | Build | House |
| 6:32 | Create | Villager (Male) ×5 |
| 6:33 | Create | Villager (Male) ×5 |
| 6:38 | Build | Monastery |
| 6:56 | Create | Armored Elephant |
| 6:57 | Create | Armored Elephant |
| 6:57 | Create | Armored Elephant |
| 6:57 | Create | Armored Elephant |
| 6:58 | Create | Armored Elephant |
| 6:58 | Create | Armored Elephant |
| 6:58 | Create | Armored Elephant |
| 6:59 | Create | Armored Elephant |
| 6:59 | Create | Armored Elephant |
| 6:59 | Create | Armored Elephant |
| 7:41 | Create | Armored Elephant |
| 7:42 | Create | Armored Elephant |
| 7:42 | Create | Armored Elephant |
| 7:42 | Create | Armored Elephant |
| 7:43 | Create | Armored Elephant |
| 7:43 | Create | Armored Elephant |
| 8:06 | Create | Villager (Male) ×5 |
| 8:07 | Create | Villager (Male) ×5 |
| 8:07 | Create | Villager (Male) ×5 |
| 8:07 | Create | Villager (Male) ×5 |
| 8:08 | Create | Villager (Male) ×5 |
| 8:08 | Create | Villager (Male) ×5 |
| 8:08 | Create | Villager (Male) ×5 |
| 8:17 | Build | Lumber Camp |
| 8:35 | Build | Stone Wall |
| 8:38 | Build | Gate |
| 8:41 | Build | Castle |
| 8:45 | Build | Mining Camp |
| 8:59 | Build | House |
| 9:01 | Build | House |
| 9:02 | Build | House |
| 9:05 | Build | Mining Camp |
| 9:16 | Build | Mining Camp |
| 10:06 | Create | Armored Elephant ×5 |
| 10:06 | Create | Armored Elephant ×5 |
| 10:06 | Create | Armored Elephant ×5 |
| 10:07 | Create | Armored Elephant ×5 |
| 10:07 | Create | Armored Elephant ×5 |
| 10:07 | Create | Armored Elephant ×5 |
| 10:08 | Create | Armored Elephant ×5 |
| 10:08 | Create | Armored Elephant ×5 |
| 10:08 | Create | Armored Elephant ×5 |
| 10:08 | Create | Armored Elephant ×5 |
| 10:09 | Create | Armored Elephant ×5 |
| 10:09 | Create | Armored Elephant ×5 |
| 10:09 | Create | Armored Elephant ×5 |
| 10:10 | Create | Armored Elephant ×5 |
| 10:19 | Create | Trade Cart ×5 |
| 10:20 | Create | Trade Cart ×5 |
| 10:20 | Create | Trade Cart ×3 |
| 10:20 | Create | Trade Cart ×3 |
| 10:27 | Build | House |
| 10:28 | Build | House |
| 10:29 | Build | House |
| 10:30 | Build | House |
| 10:32 | Build | House |
| 10:33 | Build | House |
| 10:34 | Build | House |
| 10:36 | Build | House |
| 10:39 | Build | House |
| 10:40 | Build | House |
| 10:41 | Build | House |
| 10:43 | Build | House |
| 10:45 | Build | House |
| 10:47 | Build | House |
| 10:54 | Build | Lumber Camp |
| 11:02 | Create | Armored Elephant ×5 |
| 11:02 | Create | Armored Elephant ×5 |
| 11:03 | Create | Armored Elephant ×5 |
| 11:03 | Create | Armored Elephant ×3 |
| 11:20 | Build | Castle |
| 11:30 | Build | Castle |
| 11:32 | Build | Castle |
| 11:41 | Create | Trade Cart ×2 |
| 11:42 | Create | Trade Cart ×2 |
| 11:51 | Build | Lumber Camp |
| 12:28 | Create | Villager (Male) ×5 |
Build order — 金城小太爷
First 150 of 895 actions detected
| 0:05 | Build | House |
| 0:06 | Create | Villager (Male) |
| 0:06 | Create | Villager (Male) |
| 0:06 | Create | Villager (Male) |
| 0:07 | Create | Villager (Male) |
| 0:10 | Build | Town Center |
| 0:19 | Build | House |
| 0:20 | Build | House |
| 0:23 | Build | House |
| 0:26 | Build | House |
| 0:27 | Build | House |
| 0:28 | Build | House |
| 0:30 | Build | House |
| 0:31 | Build | House |
| 0:33 | Build | House |
| 0:39 | Build | Market |
| 0:41 | Build | Market |
| 0:45 | Build | Market |
| 0:47 | Build | Market |
| 0:51 | Create | Villager (Male) ×5 |
| 0:51 | Create | Villager (Male) ×5 |
| 0:51 | Create | Villager (Male) ×5 |
| 0:52 | Create | Villager (Male) ×5 |
| 0:58 | Build | Town Center |
| 1:00 | Build | Town Center |
| 1:03 | Build | Town Center |
| 1:05 | Build | Farm |
| 1:21 | Build | House |
| 1:22 | Build | House |
| 1:33 | Build | House |
| 1:34 | Build | House |
| 1:35 | Build | House |
| 1:36 | Build | House |
| 1:37 | Build | House |
| 1:39 | Build | House |
| 1:40 | Build | House |
| 1:41 | Build | House |
| 1:44 | Build | House |
| 1:45 | Build | House |
| 1:46 | Build | House |
| 1:49 | Build | House |
| 1:58 | Build | Stable |
| 1:59 | Build | Stable |
| 2:00 | Build | Stable |
| 2:03 | Build | Stable |
| 2:13 | Build | Monastery |
| 2:18 | Build | Monastery |
| 2:20 | Create | Villager (Male) ×5 |
| 2:20 | Create | Villager (Male) ×5 |
| 2:21 | Create | Villager (Male) ×5 |
| 2:21 | Create | Villager (Male) ×5 |
| 2:21 | Create | Villager (Male) ×5 |
| 2:22 | Create | Villager (Male) ×5 |
| 2:27 | Build | Lumber Camp |
| 2:54 | Build | Mining Camp |
| 3:02 | Create | Monk ×5 |
| 3:03 | Create | Monk ×5 |
| 3:03 | Create | Monk ×5 |
| 3:13 | Build | Stone Wall |
| 3:17 | Build | Stone Wall |
| 3:25 | Build | Farm |
| 3:26 | Build | Farm |
| 3:33 | Build | Farm |
| 3:35 | Build | Farm |
| 3:37 | Build | Farm |
| 3:39 | Create | Villager (Male) ×5 |
| 3:40 | Create | Villager (Male) ×5 |
| 3:40 | Create | Villager (Male) ×5 |
| 3:41 | Create | Villager (Male) ×5 |
| 3:41 | Create | Villager (Male) ×5 |
| 3:45 | Build | Farm |
| 3:47 | Build | Farm |
| 3:50 | Create | Trade Cart ×5 |
| 3:50 | Create | Trade Cart ×5 |
| 3:51 | Create | Trade Cart ×5 |
| 3:51 | Create | Trade Cart ×5 |
| 3:52 | Create | Trade Cart ×5 |
| 3:52 | Create | Trade Cart ×5 |
| 3:53 | Create | Trade Cart ×5 |
| 3:53 | Create | Trade Cart ×5 |
| 3:54 | Create | Trade Cart ×5 |
| 4:20 | Build | Gate |
| 5:00 | Build | Stone Wall |
| 5:10 | Build | House |
| 5:11 | Build | House |
| 5:16 | Build | House |
| 5:17 | Build | House |
| 5:23 | Build | House |
| 5:24 | Build | House |
| 5:27 | Build | Gate |
| 5:32 | Build | Stone Wall |
| 5:37 | Build | Lumber Camp |
| 5:40 | Create | Villager (Male) ×5 |
| 5:40 | Create | Villager (Male) ×5 |
| 5:50 | Build | Siege Workshop |
| 5:51 | Build | Siege Workshop |
| 5:53 | Build | Siege Workshop |
| 5:56 | Create | Trade Cart ×5 |
| 5:56 | Create | Trade Cart ×5 |
| 5:57 | Create | Trade Cart ×5 |
| 6:06 | Build | House |
| 6:06 | Build | House |
| 6:08 | Build | House |
| 6:10 | Build | House |
| 6:13 | Build | House |
| 6:14 | Build | House |
| 6:14 | Build | House |
| 6:15 | Build | House |
| 6:15 | Build | House |
| 6:16 | Build | House |
| 6:16 | Build | House |
| 6:16 | Build | House |
| 6:17 | Build | House |
| 6:17 | Build | House |
| 6:38 | Create | Villager (Male) ×5 |
| 6:38 | Create | Villager (Male) ×5 |
| 6:39 | Create | Villager (Male) ×5 |
| 6:39 | Create | Villager (Male) ×5 |
| 6:39 | Create | Villager (Male) ×5 |
| 6:40 | Create | Villager (Male) ×5 |
| 7:04 | Create | Mangonel ×5 |
| 7:04 | Create | Mangonel ×5 |
| 7:05 | Create | Mangonel ×5 |
| 7:05 | Create | Mangonel ×5 |
| 7:05 | Create | Mangonel ×5 |
| 7:05 | Create | Mangonel ×5 |
| 7:08 | Build | Lumber Camp |
| 7:15 | Create | Villager (Male) ×5 |
| 7:16 | Create | Villager (Male) ×5 |
| 7:16 | Create | Villager (Male) ×5 |
| 7:16 | Create | Villager (Male) ×5 |
| 7:17 | Create | Villager (Male) ×5 |
| 7:17 | Create | Villager (Male) ×2 |
| 7:48 | Build | Lumber Camp |
| 9:10 | Build | Stable |
| 9:13 | Build | Stable |
| 9:20 | Build | House |
| 9:20 | Build | House |
| 9:24 | Build | House |
| 9:24 | Build | House |
| 9:25 | Build | House |
| 9:25 | Build | House |
| 9:26 | Build | House |
| 9:27 | Build | House |
| 9:27 | Build | House |
| 9:27 | Build | House |
| 9:28 | Build | House |
| 9:29 | Build | House |
| 9:29 | Build | House |
| 9:30 | Build | House |
Match timeline
| 0:31 | holguin_c18 · wall_segment Stone Wall x42 |
| 0:32 | Eruanyo · first_building Monastery |
| 0:40 | hometorres01 · wall_segment Stone Wall x34 |
| 1:17 | AKZ TR · wall_segment Stone Wall x16 |
| 1:37 | AKZ TR · first_building Castle |
| 1:54 | claudio.nunez72 · first_building Castle |
| 1:58 | 金城小太爷 · first_building Stable |
| 2:13 | 金城小太爷 · first_building Monastery |
| 2:28 | holguin_c18 · first_building Barracks |
| 2:35 | hometorres01 · first_building Siege Workshop |
| 2:44 | AKZ TR · first_building Monastery |
| 3:13 | 金城小太爷 · wall_segment Stone Wall x15 |
| 3:17 | 金城小太爷 · wall_segment Stone Wall x1 |
| 3:22 | Eruanyo · first_building Siege Workshop |
| 3:32 | claudio.nunez72 · wall_segment Stone Wall x15 |
| 5:00 | 金城小太爷 · wall_segment Stone Wall x11 |
| 5:32 | 金城小太爷 · wall_segment Stone Wall x13 |
| 5:43 | hometorres01 · first_building Castle |
| 5:50 | 金城小太爷 · first_building Siege Workshop |
| 6:13 | claudio.nunez72 · first_building Siege Workshop |
| 6:41 | Mauzic · wall_segment Stone Wall x98 |
| 7:15 | Mauzic · wall_segment Stone Wall x1 |
| 7:17 | Mauzic · wall_segment Stone Wall x1 |
| 7:19 | claudio.nunez72 · first_building Monastery |
| 7:46 | hometorres01 · wall_segment Stone Wall x4 |
| 7:51 | AKZ TR · first_building Siege Workshop |
| 8:15 | Mauzic · first_building Castle |
| 8:27 | claudio.nunez72 · first_building Barracks |
| 8:35 | Eruanyo · wall_segment Stone Wall x15 |
| 8:41 | Eruanyo · first_building Castle |
| 9:01 | holguin_c18 · first_building Archery Range |
| 9:22 | claudio.nunez72 · first_building Stable |
| 9:41 | holguin_c18 · first_building Castle |
| 11:06 | AKZ TR · first_building Barracks |
| 11:18 | AKZ TR · first_building Stable |
| 11:26 | Mauzic · wall_segment Stone Wall x1 |
| 11:29 | Mauzic · wall_segment Stone Wall x4 |
| 11:58 | hometorres01 · wall_segment Stone Wall x27 |
| 12:08 | 金城小太爷 · first_building Castle |
| 12:15 | AKZ TR · first_building Archery Range |
| 12:23 | Mauzic · first_building Siege Workshop |
| 13:38 | holguin_c18 · first_building Siege Workshop |
| 13:44 | maddaloni.ivan93 · first_building Siege Workshop |
| 14:11 | Eruanyo · wall_segment Stone Wall x46 |
| 15:07 | maddaloni.ivan93 · first_building Castle |
| 15:18 | Mauzic · wall_segment Stone Wall x6 |
| 17:15 | Mauzic · wall_segment Stone Wall x1 |
| 17:17 | Mauzic · wall_segment Stone Wall x1 |
| 17:38 | Mauzic · wall_segment Stone Wall x1 |
| 19:27 | Mauzic · wall_segment Stone Wall x68 |
| 19:34 | hometorres01 · first_building Monastery |
| 20:32 | Mauzic · wall_segment Stone Wall x1 |
| 20:38 | Mauzic · wall_segment Stone Wall x8 |
| 20:51 | Mauzic · wall_segment Stone Wall x3 |
| 23:15 | Eruanyo · wall_segment Stone Wall x8 |
| 24:13 | maddaloni.ivan93 · first_building Stable |
| 26:33 | holguin_c18 · wall_segment Stone Wall x16 |
| 30:33 | 金城小太爷 · wall_segment Stone Wall x8 |
| 31:28 | hometorres01 · first_market_buy 100 stone |
| 32:37 | holguin_c18 · tribute_sent a jugador 1 |
| 32:37 | holguin_c18 · tribute_sent a jugador 3 |
| 32:37 | holguin_c18 · tribute_sent a jugador 4 |
| 32:37 | holguin_c18 · tribute_sent a jugador 5 |
| 32:37 | holguin_c18 · tribute_sent a jugador 6 |
| 32:37 | holguin_c18 · tribute_sent a jugador 7 |
| 32:37 | holguin_c18 · tribute_sent a jugador 8 |
| 32:55 | holguin_c18 · tribute_sent a jugador 1 |
| 32:55 | holguin_c18 · tribute_sent a jugador 3 |
| 32:55 | holguin_c18 · tribute_sent a jugador 4 |
| 32:55 | holguin_c18 · tribute_sent a jugador 5 |
| 32:55 | holguin_c18 · tribute_sent a jugador 6 |
| 32:55 | holguin_c18 · tribute_sent a jugador 7 |
| 32:55 | holguin_c18 · tribute_sent a jugador 8 |
| 33:43 | hometorres01 · wall_segment Stone Wall x18 |
| 34:32 | Eruanyo · wall_segment Stone Wall x15 |
| 35:12 | Mauzic · wall_segment Stone Wall x77 |
| 35:57 | Eruanyo · wall_segment Stone Wall x19 |
| 36:04 | 金城小太爷 · first_market_sell 100 wood |
| 36:08 | hometorres01 · wall_segment Stone Wall x2 |
| 36:12 | hometorres01 · wall_segment Stone Wall x1 |
| 37:15 | Mauzic · wall_segment Stone Wall x8 |
| 37:15 | maddaloni.ivan93 · first_building Barracks |
| 37:32 | Mauzic · wall_segment Stone Wall x1 |
| 37:58 | 金城小太爷 · wall_segment Stone Wall x1 |
| 38:00 | 金城小太爷 · wall_segment Stone Wall x1 |
| 38:02 | 金城小太爷 · wall_segment Stone Wall x1 |
| 38:03 | 金城小太爷 · wall_segment Stone Wall x1 |
| 38:17 | Mauzic · wall_segment Stone Wall x1 |
| 40:46 | holguin_c18 · wall_segment Stone Wall x22 |
| 41:05 | Mauzic · first_market_buy 100 stone |
| 41:24 | maddaloni.ivan93 · wall_segment Stone Wall x3 |
| 42:12 | maddaloni.ivan93 · wall_segment Stone Wall x28 |
| 42:48 | Mauzic · wall_segment Stone Wall x74 |
| 44:38 | maddaloni.ivan93 · wall_segment Stone Wall x9 |
| 44:46 | maddaloni.ivan93 · wall_segment Stone Wall x1 |
| 47:41 | Eruanyo · first_market_buy 100 stone |
| 47:43 | maddaloni.ivan93 · resign |
| 48:07 | Eruanyo · wall_segment Stone Wall x19 |
| 48:19 | Eruanyo · wall_segment Stone Wall x18 |
| 49:23 | 金城小太爷 · wall_segment Stone Wall x26 |
| 50:44 | hometorres01 · wall_segment Stone Wall x3 |
| 50:59 | hometorres01 · wall_segment Stone Wall x1 |
| 52:04 | Mauzic · first_building Stable |
| 56:27 | Eruanyo · wall_segment Stone Wall x6 |
| 56:29 | Eruanyo · wall_segment Stone Wall x3 |
| 56:37 | Eruanyo · wall_segment Stone Wall x3 |
| 56:40 | Eruanyo · wall_segment Stone Wall x8 |
| 56:49 | Eruanyo · wall_segment Stone Wall x7 |
| 56:52 | Eruanyo · wall_segment Stone Wall x4 |
| 56:55 | Eruanyo · wall_segment Stone Wall x4 |
| 57:22 | hometorres01 · wall_segment Stone Wall x35 |
| 59:24 | hometorres01 · wall_segment Stone Wall x21 |
| 59:32 | 金城小太爷 · wall_segment Stone Wall x1 |
| 59:36 | 金城小太爷 · wall_segment Stone Wall x3 |
| 60:05 | Mauzic · wall_segment Stone Wall x70 |
| 60:15 | 金城小太爷 · wall_segment Stone Wall x13 |
| 61:18 | Eruanyo · first_building Stable |
| 61:39 | Mauzic · wall_segment Stone Wall x74 |
| 63:34 | hometorres01 · wall_segment Stone Wall x11 |
| 63:40 | Eruanyo · wall_segment Stone Wall x15 |
| 63:58 | Mauzic · wall_segment Stone Wall x11 |
| 64:00 | hometorres01 · wall_segment Stone Wall x14 |
| 64:09 | Mauzic · wall_segment Stone Wall x1 |
| 64:12 | hometorres01 · wall_segment Stone Wall x9 |
| 64:23 | Mauzic · wall_segment Stone Wall x4 |
| 66:55 | hometorres01 · wall_segment Stone Wall x42 |
| 68:21 | hometorres01 · wall_segment Stone Wall x19 |
| 68:35 | hometorres01 · wall_segment Stone Wall x6 |
| 69:19 | hometorres01 · wall_segment Stone Wall x73 |
| 70:25 | Eruanyo · wall_segment Stone Wall x10 |
| 71:15 | Mauzic · wall_segment Stone Wall x16 |
| 71:21 | hometorres01 · wall_segment Stone Wall x7 |
| 71:28 | Mauzic · wall_segment Stone Wall x17 |
| 71:31 | Mauzic · wall_segment Stone Wall x5 |
| 73:34 | hometorres01 · wall_segment Stone Wall x8 |
| 76:01 | hometorres01 · wall_segment Stone Wall x10 |
| 76:36 | hometorres01 · wall_segment Stone Wall x19 |
| 77:52 | Mauzic · wall_segment Stone Wall x4 |
| 81:40 | hometorres01 · wall_segment Stone Wall x4 |
| 81:46 | AKZ TR · first_market_buy 500 stone |
| 81:58 | 金城小太爷 · wall_segment Stone Wall x28 |
| 82:51 | hometorres01 · wall_segment Stone Wall x35 |
| 85:42 | Eruanyo · wall_segment Stone Wall x10 |
| 88:33 | hometorres01 · wall_segment Stone Wall x9 |
| 90:27 | Eruanyo · first_market_sell 500 wood |
| 91:47 | claudio.nunez72 · first_building Archery Range |
| 93:03 | Eruanyo · wall_segment Stone Wall x7 |
| 94:31 | 金城小太爷 · wall_segment Stone Wall x12 |
| 94:34 | 金城小太爷 · wall_segment Stone Wall x8 |
| 105:08 | Eruanyo · wall_segment Stone Wall x9 |
| 115:13 | Mauzic · wall_segment Stone Wall x1 |
| 125:16 | Eruanyo · wall_segment Stone Wall x14 |
| 130:27 | Eruanyo · tribute_sent a jugador 1 |
| 130:27 | Eruanyo · tribute_sent a jugador 2 |
| 130:27 | Eruanyo · tribute_sent a jugador 3 |
| 130:27 | Eruanyo · tribute_sent a jugador 4 |
| 130:27 | Eruanyo · tribute_sent a jugador 5 |
| 130:27 | Eruanyo · tribute_sent a jugador 7 |
| 130:27 | Eruanyo · tribute_sent a jugador 8 |
| 134:01 | Eruanyo · wall_segment Stone Wall x10 |
| 134:03 | Eruanyo · wall_segment Stone Wall x3 |
| 134:05 | Eruanyo · wall_segment Stone Wall x2 |
| 134:09 | Eruanyo · wall_segment Stone Wall x4 |
| 134:11 | Eruanyo · wall_segment Stone Wall x4 |
| 134:13 | Eruanyo · wall_segment Stone Wall x3 |
| 140:03 | Mauzic · first_building Barracks |
| 146:02 | AKZ TR · first_market_sell 500 wood |
| 176:50 | hometorres01 · first_market_sell 100 food |
| 192:07 | claudio.nunez72 · first_market_buy 100 stone |
| 216:01 | AKZ TR · wall_segment Stone Wall x9 |
[ AI ANALYSIS · 1 CREDIT ]
What really happened in this match?
Wolo.gg analyzes every decision: build order, eco, micro, common mistakes by bracket. Personalized analysis on WhatsApp or Discord in 30 seconds.
Civ guide
Saracens
Map guide
Amazon Tunnel
Perfil
claudio.nunez72